 Dungeon Sprint DCSS version 0.16.2-12-gd0ad4c3 (webtiles) character file.

2395 Ponchio the Thaumaturge (level 9, -2/45 HPs)
             Began as a Deep Elf Fire Elementalist on Oct 22, 2015.
             Was an Elder of Vehumet.
             Slain by a spriggan rider
             ... wielding a +0 spear
              (16 damage)
             ... in the Dungeon (Sprint V: "Ziggurat Sprint").
             The game lasted 00:24:19 (767 turns).

Ponchio the Thaumaturge (Deep Elf Fire Elementalist) Turns: 767, Time: 00:24:19

Health: -2/45      AC:  2    Str:  5    XL:     9   Next: 22%
Magic:  20/39      EV: 21    Int: 42    God:    Vehumet [****..]
Gold:   0          SH:  0    Dex: 15    Spells: 5 memorised, 17 levels left

rFire  . . .     SeeInvis .     J - +6 Majin-Bo {vamp, Archmagi MP+6 Int+6}
rCold  . . .     Clarity  .     a - +0 robe
rNeg   . . .     SustAb   .     (no shield)
rPois  .         Gourm    .     (no helmet)
rElec  .         Spirit   .     (no cloak)
rCorr  .         Warding  .     (no gloves)
rMut   .         NoTele   +     (no boots)
MR     .....                    (no amulet)
Stlth  ++........               B - +6 ring of intelligence
                                C - +6 ring of intelligence

@: very slightly contaminated, hasted, very quick, not resistant to hostile
enchantments, unstealthy
A: no striking features
a: Renounce Religion


You were in the Dungeon.
You worshipped Vehumet.
Vehumet was greatly pleased with you.
You were hungry.

You visited 1 branch

Inventory:

Hand weapons
 J - the +6 Majin-Bo (weapon) {vamp, Archmagi MP+6 Int+6}
   (You found it in the Dungeon)

   It inflicts no extra harm, but heals its wielder somewhat when it strikes a
   living foe.
   It affects your intelligence (+6).
   It affects your magic capacity (+6).
Armour
 a - a +0 robe (worn)
Jewellery
 y - an uncursed ring of see invisible
 B - a +6 ring of intelligence (right hand)
 C - a +6 ring of intelligence (left hand)
 K - the ring "Tulauwk" {Contam rF+ rC+ Str+2 Int+3 SInv}
   (You found it in the Dungeon)

   [ring of strength]

   It affects your strength (+2).
   It affects your intelligence (+3).
   It protects you from fire.
   It protects you from cold.
   It enhances your eyesight.
   It causes magical contamination when unequipped.
Magical devices
 F - a wand of disintegration (6)
 G - a wand of fire (3)
 H - a wand of cold (1)
 I - a wand of draining (5)
Scrolls
 i - 2 scrolls of blinking
 q - 4 scrolls of amnesia
 r - 3 scrolls of recharging
 s - 7 scrolls of fog
 t - a scroll of holy word
 u - 5 scrolls of identify
 v - 4 scrolls of remove curse
 w - 2 scrolls of fear
 M - a scroll of brand weapon
Potions
 d - 6 potions of curing
 e - 3 potions of heal wounds
 f - 4 potions of haste
 g - 6 potions of magic
 h - 3 potions of berserk rage
 j - 2 potions of brilliance
 k - 2 potions of invisibility
 l - 2 potions of restore abilities
 m - 4 potions of resistance
 o - 5 potions of agility
 p - 5 potions of might
Books
 b - a book of Flames

   Spells                             Type                      Level
   a - Flame Tongue                   Conjuration/Fire             1
   b - Throw Flame                    Conjuration/Fire             2
   c - Conjure Flame                  Conjuration/Fire             3
   d - Inner Flame                    Hexes/Fire                   3
   e - Sticky Flame                   Conjuration/Fire             4
   f - Fireball                       Conjuration/Fire             5
 n - the Almanac of Beguiling and Unholy Arts
   (You found it in the Dungeon)

   Spells                             Type                      Level
   a - Pain                           Necromancy                   1
   b - Dazzling Spray                 Conjuration/Hexes            3
   c - Spectral Weapon                Hexes/Charms                 3
   d - Enslavement                    Hexes                        4
   e - Animate Dead                   Necromancy                   4
   f - Bolt of Draining               Conjuration/Necromancy       5
 A - a book of Power

   Spells                             Type                      Level
   a - Fulminant Prism                Conjuration/Hexes            4
   b - Iskenderun's Mystic Blast      Conjuration                  4
   c - Venom Bolt                     Conjuration/Poison           5
   d - Bolt of Magma                  Conjuration/Fire/Earth       5
   e - Iron Shot                      Conjuration/Earth            6
   f - Orb of Destruction             Conjuration                  7
   g - Spellforged Servitor           Conjuration/Summoning        7
Miscellaneous
 D - a phantom mirror
 E - a phial of floods (inert)
Comestibles
 c - 5 bread rations
 x - 40 fruits
 z - 4 meat rations
 L - 2 royal jellies


   Skills:
 + Level 13.0 Dodging
 - Level 2.4 Stealth
 + Level 14.0 Spellcasting
 + Level 11.9 Conjurations
 - Level 5.0 Necromancy
 - Level 3.2 Fire Magic
 - Level 4.2 Earth Magic
 - Level 8.8 Evocations


You had 17 spell levels left.
You knew the following spells:

 Your Spells              Type           Power        Failure   Level  Hunger
a - Flame Tongue          Conj/Fire      #####        1%          1    None
b - Fireball              Conj/Fire      #######...   1%          5    None
c - Dazzling Spray        Conj/Hex       #######.     1%          3    None
d - Animate Dead          Necr           N/A          1%          4    None
e - Iron Shot             Conj/Erth      #######...   2%          6    None


Dungeon Overview and Level Annotations

Branches:
Dungeon (1/1)

Altars:
Ashenzari
Cheibriados
Dithmenos
Elyvilon
Fedhas
Gozag
Kikubaaqudgha
Makhleb
Nemelex Xobeh
Okawaru
Qazlal
Ru
Sif Muna
Trog
Vehumet
Xom
Yredelemnul
Zin
The Shining One
Beogh
Jiyva
Lugonu


Message History

The spriggan rider is heavily wounded.
* * * LOW HITPOINT WARNING * * *
The spriggan rider is engulfed in a cloud of scalding steam.
The spriggan rider completely misses you.
The wolf is engulfed in a cloud of scalding steam.
Drink which item? (? for menu, Esc to quit)
You feel better.
Your water elemental barely misses the wolf.
Your water elemental hits the spriggan.
The spriggan rider is engulfed in a cloud of scalding steam.
The spriggan rider barely misses you.
Drink which item? (? for menu, Esc to quit)
You feel better. The wolf misses you. The spriggan hits you with a dagger!
Your water elemental barely misses the spriggan.
Your water elemental closely misses the wolf.
Drink which item? (? for menu, Esc to quit)
Magic courses through your body. The wolf bites you.
The spriggan rider is engulfed in a cloud of scalding steam.
The spriggan rider hits you from afar with a spear!
You die...

8©8
▓..}[)..▓
▓..))[..▓
▓.......▓
▓..≈≈≈..▓
▓..≈§§..▓
▓..Ei§..▓
▓..≈h§..▓
▓.Ei@...▓
▓▓▓▓▓▓▓▓▓


You could see a spriggan rider, a spriggan, a wolf and 2 friendly water
elementals.

Vanquished Creatures
  A death cob (D)
  A slime creature (D)
  2 air elementals (D)
  A golden eye (D)
  3 wolves (D)
  3 insubstantial wisps (D)
  2 hell hounds (D)
  2 orc priests (D)
  An iron imp (D)
  A jelly (D)
  An adder (D)
  An ooze (D)
  3 ball pythons (D)
22 creatures vanquished.

Vanquished Creatures (others)
  A water elemental (D)
1 creature vanquished.

Grand Total: 23 creatures vanquished

Notes
Turn   | Place    | Note
--------------------------------------------------------------
     0 | D        | Ponchio, the Deep Elf Fire Elementalist, began the quest for the Orb.
     0 | D        | Reached XP level 1. HP: 10/10 MP: 5/5
     0 | D        | Found a viscous altar of Jiyva.
     0 | D        | Found a corrupted altar of Lugonu.
     0 | D        | Found a white marble altar of Elyvilon.
     1 | D        | Found a burning altar of Makhleb.
     1 | D        | Found an iron altar of Okawaru.
     3 | D        | Found a sparkling altar of Nemelex Xobeh.
     3 | D        | Found a basalt altar of Yredelemnul.
     3 | D        | Found a deep blue altar of Sif Muna.
     3 | D        | Found a radiant altar of Vehumet.
     7 | D        | Found a bloodstained altar of Trog.
    22 | D        | Found a shimmering altar of Xom.
    30 | D        | Became a worshipper of Vehumet
    52 | D        | Reached skill level 8 in Evocations
    52 | D        | Reached XP level 2. HP: 15/15 MP: 6/8
   103 | D        | Entered arena 1.
   103 | D        | Noticed an orc priest
   103 | D        | Noticed an orc priest
   104 | D        | Killed an orc priest
   104 | D        | Reached XP level 3. HP: 19/19 MP: 12/12
   105 | D        | Killed an orc priest
   105 | D        | Reached skill level 5 in Spellcasting
   105 | D        | Reached XP level 4. HP: 24/24 MP: 17/17
   112 | D        | Identified the Almanac of Beguiling and Unholy Arts (You found it in the Dungeon)
   133 | D        | Entered arena 2.
   133 | D        | Noticed an iron imp
   133 | D        | Noticed a hell hound
   133 | D        | Noticed a hell hound
   134 | D        | Killed a hell hound
   134 | D        | Acquired Vehumet's first power
   134 | D        | Offered knowledge of Magic Dart by Vehumet.
   134 | D        | Reached skill level 5 in Conjurations
   134 | D        | Reached XP level 5. HP: 28/28 MP: 22/22
   136 | D        | Killed an iron imp
   138 | D        | Killed a hell hound
   138 | D        | Reached skill level 9 in Spellcasting
   138 | D        | Reached XP level 6. HP: 30/32 MP: 25/25
   169 | D        | Learned a level 5 spell: Fireball
   173 | D        | Learned a level 3 spell: Dazzling Spray
   200 | D        | Entered arena 3.
   200 | D        | Noticed a golden eye
   200 | D        | Noticed a jelly
   200 | D        | Noticed a slime creature
   201 | D        | Killed a golden eye
   201 | D        | Reached skill level 10 in Spellcasting
   201 | D        | Killed a jelly
   205 | D        | Killed a slime creature
   205 | D        | Reached skill level 10 in Dodging
   205 | D        | Reached skill level 11 in Spellcasting
   205 | D        | Reached XP level 7. HP: 13/36 MP: 15/28
   444 | D        | Learned a level 4 spell: Animate Dead
   447 | D        | Entered arena 4.
   448 | D        | Offered knowledge of Sandblast by Vehumet.
   448 | D        | Acquired Vehumet's second power
   463 | D        | Learned a level 6 spell: Iron Shot
   490 | D        | Entered arena 5.
   490 | D        | Noticed an air elemental
   490 | D        | Noticed an insubstantial wisp
   490 | D        | Noticed an insubstantial wisp
   490 | D        | Noticed an insubstantial wisp
   490 | D        | Noticed an air elemental
   493 | D        | HP: 1/36 [air elemental (11)]
   499 | D        | Killed an air elemental
   500 | D        | Killed an air elemental
   500 | D        | Reached XP level 8. HP: 21/41 MP: 22/30
   503 | D        | Killed an insubstantial wisp
   507 | D        | Killed an insubstantial wisp
   507 | D        | Reached skill level 12 in Spellcasting
   507 | D        | Reached skill level 10 in Conjurations
   507 | D        | Killed an insubstantial wisp
   507 | D        | Reached skill level 5 in Necromancy
   743 | D        | Got the ring "Tulauwk" {Contam rF+ rC+ Str+2 Int+3 SInv}
   744 | D        | Entered arena 6.
   744 | D        | Noticed a draconian
   744 | D        | Noticed a death cob
   744 | D        | Noticed a red draconian
   744 | D        | Noticed a purple draconian
   744 | D        | Noticed a death cob
   744 | D        | Noticed a draconian
   755 | D        | Killed a death cob
   755 | D        | Offered knowledge of Mephitic Cloud by Vehumet.
   755 | D        | Acquired Vehumet's third power
   755 | D        | Reached skill level 13 in Spellcasting
   755 | D        | Reached XP level 9. HP: 16/45 MP: 14/32
   758 | D        | Entered arena 7.
   758 | D        | Noticed a spriggan rider
   758 | D        | Noticed a wolf
   758 | D        | Noticed a spriggan
   758 | D        | Noticed a wolf
   758 | D        | Noticed a wolf
   759 | D        | Killed a wolf
   759 | D        | Killed a wolf
   760 | D        | Noticed a wolf
   762 | D        | Killed a wolf
   762 | D        | Reached skill level 14 in Spellcasting
   767 | D        | Slain by a spriggan rider

Action                   |  1- 3 |  4- 6 |  7- 9 || total
-------------------------+-------+-------+-------++-------
 Cast: Fireball          |       |     4 |     8 ||    12
       Dazzling Spray    |       |       |    10 ||    10
       Iron Shot         |       |       |     2 ||     2
Evoke: Wand              |     1 |     5 |     1 ||     7
       Phial of floods   |       |       |     2 ||     2
  Use: Potion            |     1 |     1 |    13 ||    15
       Scroll            |       |     1 |     2 ||     3
  Eat: Fruit             |     2 |       |       ||     2
       Royal jelly       |       |       |     1 ||     1
